 Dungeon Crawl Stone Soup version 0.15.2 (webtiles) character file.

898 HopeRidesAlone the Martial Artist (level 7, 0/52 HPs)
             Began as a Mummy Monk on Oct 24, 2015.
             Slain by a hobgoblin (4 damage)
             ... on Level 5 of the Dungeon.
             The game lasted 00:14:39 (7926 turns).

HopeRidesAlone the Martial Artist (Mummy Monk)      Turns: 7926, Time: 00:14:39

HP   0/52        AC  2     Str 14      XL: 7   Next: 79%
MP   7/7         EV 13     Int  9      God:
Gold 224         SH  0     Dex 16      Spells:  0 memorised,  6 levels left

rFire  x . .     SeeInvis .       - Unarmed
rCold  + . .     Clarity  .     (no armour)
rNeg   + + +     rCorr    .     (no shield)
rPois  +         rRot     +     (no helmet)
rElec  .         Spirit   .     c - +1 cloak
SustAb .         Warding  .     (no gloves)
rMut   .         Stasis   .     (no boots)
Gourm  .                        (no amulet)
MR     .....                    (no ring)
                                (no ring)

@: not resistant to hostile enchantments, unstealthy
A: no food or potions, fire vulnerability, restore body, cold resistance 1,
negative energy resistance 3, poison resistance, torment resistance, unbreathing
a: no special abilities


You were on level 5 of the Dungeon.
You were not hungry.

You visited 2 branches of the dungeon, and saw 6 of its levels.

You collected 224 gold pieces.


Innate Abilities, Weirdness & Mutations

You do not eat or drink.
Your flesh is vulnerable to fire.
Your flesh is cold resistant.
You are immune to negative energy.
Your system is resistant to poisons.
You are immune to unholy pain and torment.
You can survive without breathing.


   Skills:
 - Level 3.0 Fighting
 + Level 3.0 Dodging
 - Level 1.5 Stealth
 - Level 8.0 Unarmed Combat


You had 6 spell levels left.
You didn't know any spells.

Inventory:

Armour
 c - a +1 cloak (worn)
Scrolls
 a - 7 scrolls of identify {@r1}
 b - a scroll of remove curse
 d - a scroll of teleportation {@r4}
 f - a scroll of recharging

Dungeon Overview and Level Annotations

Branches:
Dungeon (5/15)             Temple (1/1) D:4

Altars:
Cheibriados
Elyvilon
Nemelex Xobeh
Qazlal
Yredelemnul
The Shining One

Annotations:
D:3 Edmund

##...##
##..###
###..## ##..##
##..### .
##...## ...
###..#####....
##..#........
##.M)# #.g##
#.## ..# #.#.
#. . .. . ..
.?. .. .. . .


You could see a hobgoblin.


Message History

The centaur barely misses you.
You hit the centaur.
The centaur is moderately wounded.
The centaur hits you.
You hit the centaur but do no damage.
The centaur is moderately wounded.
The centaur hits you.
* * * LOW HITPOINT WARNING * * *
The centaur hits you!
* * * LOW HITPOINT WARNING * * *
You hit the centaur.
The centaur is heavily wounded.
The centaur closely misses you.
You punch the centaur!
The centaur is almost dead.
The centaur barely misses you. The hobgoblin hits you.
* * * LOW HITPOINT WARNING * * *
You hit the centaur.
The centaur is almost dead.
The centaur hits you!
* * * LOW HITPOINT WARNING * * *
The hobgoblin hits you.
* * * LOW HITPOINT WARNING * * *
You are too injured to fight recklessly!
You are too injured to fight recklessly!
You punch the centaur!
You kill the centaur!
Your Dodging skill increases to level 3!
The hobgoblin hits you.
You die...

Action                   |  1- 3 |  4- 6 |  7- 9 || total
-------------------------+-------+-------+-------++-------
Melee: Unarmed           |   151 |   344 |    93 ||   588
  Use: Scroll            |       |     6 |       ||     6
 Stab: Sleeping          |       |     1 |       ||     1

Vault maps used:
D:1:      lightli_arrival_boilingwater, nrook_mini_backslash,
          serial_park_tiny_pond, minmay_gold_behind_plants
D:2:      bh_walls_and_bars, uniq_jessica
D:3:      first_bread, minmay_crystal_room, minmay_misc_feat_encased,
          uniq_natasha
D:4:      minitemple, temple_statues, uniq_edmund
D:5:      basic_altar, moated_statue, uniq_grinder
Temple:   oiseaux_autumnal_temple_12

Notes
Turn   | Place    | Note
--------------------------------------------------------------
     0 | D:1      | HopeRidesAlone, the Mummy Monk, began the quest for the Orb.
     0 | D:1      | Reached XP level 1. HP: 18/18 MP: 1/1
   457 | D:1      | Reached XP level 2. HP: 21/24 MP: 2/2
   571 | D:1      | HP: 2/24 [gnoll/halberd (15)]
   572 | D:1      | Reached skill level 4 in Unarmed Combat
   972 | D:1      | Reached XP level 3. HP: 16/29 MP: 3/3
  1577 | D:2      | Noticed Jessica
  1583 | D:2      | Killed Jessica
  1649 | D:2      | Reached XP level 4. HP: 24/35 MP: 4/4
  2085 | D:1      | Reached skill level 5 in Unarmed Combat
  2945 | D:2      | Reached XP level 5. HP: 35/41 MP: 5/5
  3231 | D:3      | Noticed Natasha
  3242 | D:3      | Killed Natasha
  3824 | D:4      | Found a staircase to the Ecumenical Temple.
  3831 | D:3      | Noticed Natasha
  3845 | D:3      | Killed Natasha
  4330 | D:4      | Noticed Edmund
  4351 | Temple   | Entered the Ecumenical Temple
  4364 | Temple   | Reached skill level 6 in Unarmed Combat
  4364 | Temple   | Reached XP level 6. HP: 27/47 MP: 6/6
  4554 | D:3      | Noticed Natasha
  4556 | D:3      | Killed Natasha
  4913 | D:3      | HP: 3/47 [gnoll/whip (11)]
  4958 | D:3      | HP: 2/47 [gnoll/whip (8)]
  5484 | D:4      | Found a glowing golden altar of the Shining One.
  5484 | D:4      | Found a sparkling altar of Nemelex Xobeh.
  5486 | D:4      | Found a basalt altar of Yredelemnul.
  5487 | D:4      | Found a stormy altar of Qazlal.
  5489 | D:4      | Found a snail-covered altar of Cheibriados.
  5673 | D:5      | Entered Level 5 of the Dungeon
  5676 | D:5      | Found a white marble altar of Elyvilon.
  6107 | D:4      | Reached skill level 7 in Unarmed Combat
  6372 | D:3      | HP: 2/47 [hound (4)]
  6722 | D:3      | Reached XP level 7. HP: 43/52 MP: 7/7
  7566 | D:5      | HP: 1/52 [ogre/giant club (17)]
  7568 | D:5      | Reached skill level 8 in Unarmed Combat
  7925 | D:5      | HP: 4/52 [hobgoblin (4)]
  7926 | D:5      | Reached skill level 3 in Dodging
  7926 | D:5      | Slain by a hobgoblin

Vanquished Creatures
  An ogre (D:5)
  A centaur (D:5)
  A gnoll sergeant (D:3)
  3 scorpions
  An orc priest (D:3)
  A centaur skeleton (D:4)
  An iguana (D:3)
  4 hounds
  Natasha (twice) (D:3)
  A worker ant (D:4)
  Jessica (D:2)
  4 adders
  8 gnolls
  A giant mite (D:1)
  2 worms
  3 giant geckos
  An ooze (D:1)
  6 orcs
  5 ball pythons
  6 giant cockroaches
  14 goblins
  13 hobgoblins
  3 jackals (D:2)
  A quokka (D:3)
  12 bats
  6 giant newts
  A goblin zombie (D:5)
  15 kobolds
  A kobold skeleton (D:4)
  9 rats
128 creatures vanquished.

Vanquished Creatures (others)
  Natasha (D:3)
1 creature vanquished.

Grand Total: 129 creatures vanquished
